 Dungeon Crawl Stone Soup version 0.23-a0-29-g1be82e5 (webtiles) character file.

63 prawnwizard the Conjurer (level 3, -4/19 HPs)
             Began as a Deep Elf Conjurer on Aug 3, 2018.
             Slain by a goblin (6 damage)
             ... led by Robin
             ... on level 2 of the Dungeon.
             The game lasted 00:02:47 (1580 turns).

prawnwizard the Conjurer (Deep Elf Conjurer)        Turns: 1580, Time: 00:02:48

Health: -4/19      AC:  2    Str:  5    XL:     3   Next: 87%
Magic:  3/10       EV: 13    Int: 20    God:
Gold:   46         SH:  0    Dex: 15    Spells: 8/9 levels left

rFire    . . .     SeeInvis .   l - +1 short sword (speed)
rCold    . . .     Gourm    .   (no shield)
rNeg     . . .     Faith    .   a - +0 robe
rPois    .         Spirit   .   (no helmet)
rElec    .         Reflect  .   (no cloak)
rCorr    .         Harm     .   (no gloves)
MR       .....                  (no boots)
Stlth    ++........             (no amulet)
HPRegen  0.06/turn              (no ring)
MPRegen  0.12/turn              (no ring)

@: lethally poisoned (-4 -> -10)
A: no striking features
a: no special abilities


You were on level 2 of the Dungeon.
You were not hungry.

You visited 1 branch of the dungeon, and saw 2 of its levels.

You collected 46 gold pieces.

Inventory:

Hand Weapons
 i - a +0 dagger
 l - a +1 short sword of speed (weapon)
Armour
 a - a +0 robe (worn)
Scrolls
 b - a scroll of identify {unknown}
 d - a scroll of remove curse {unknown}
 f - a scroll of amnesia {unknown}
 g - a scroll of enchant armour {unknown}
 h - a scroll of teleportation {unknown}
 j - a scroll of noise {unknown}
Potions
 e - a potion of mutation {unknown}
 k - a potion of haste {unknown}
 m - 2 potions of resistance
Comestibles
 c - a ration


   Skills:
 + Level 3.2 Dodging
 - Level 2.4 Stealth
 + Level 3.8 Spellcasting
 * Level 5.3 Conjurations


You had 8 spell levels left.
You knew the following spells:

 Your Spells              Type           Power        Failure   Level  Hunger
a - Magic Dart            Conj           ####         1%          1    None

Your spell library contained the following spells:

 Spells                   Type           Power        Failure   Level  Hunger
 Iskenderun's Mystic Bla  Conj           ####....     14%         4    ####...
 Fulminant Prism          Conj/Hex       ##........   41%         4    ####...
 Dazzling Spray           Conj/Hex       ##....       13%         3    ###....
 Force Lance              Conj/Tloc      ##......     41%         4    ####...
 Searing Ray              Conj           ####..       2%          2    ##.....


Dungeon Overview and Level Annotations

Branches:
Dungeon (2/15)

Altars:

Annotations:
D:2 Robin


Message History

Aim: an adder (lightly wounded)
The magic dart hits Robin.
Robin is moderately wounded.
Robin hits you with a dagger.
Robin roars a battlecry!
Robin says, "Kneel, worm!"
There is an escape hatch in the floor here.
Robin roars a battlecry!
The goblin goes into a battle-frenzy!
Robin throws the goblin at you! The goblin misses you.
You hit the goblin.
The goblin is moderately wounded.
The adder bites you.
* * * LOW HITPOINT WARNING * * *
You are lethally poisoned!
The adder poisons you!
* * * LOW HITPOINT WARNING * * *
You feel sick. The goblin hits you but does no damage. The goblin hits you.
You die...

.......................
#######.#####.####)#### #.
#g# #.# #.# #.# #.# #.# #.#
#.# #.# #.# #.#
#.########S# #.#
#.#<.....g.#####.####.#
#.#......@............#
#####................######
#.<...#.##.###########
#####.#....# #.####.# #.#
#.# #.# #.# #.####.#
#......#


You could see Robin, an adder and a goblin.

Vanquished Creatures
  2 dart slugs (D:1)
  4 leopard geckos (D:1)
  A giant cockroach (D:1)
  11 goblins
  2 hobgoblins
  6 jackals (D:1)
  6 kobolds (D:1)
  7 bats (D:1)
  2 frilled lizards (D:1)
  5 rats (D:1)
46 creatures vanquished.

Vanquished Creatures (others)
  A plant (D:1)
1 creature vanquished.

Grand Total: 47 creatures vanquished

Notes
Turn   | Place    | Note
-------+----------+-------------------------------------------
     0 | D:1      | prawnwizard the Deep Elf Conjurer began the quest for the Orb.
     0 | D:1      | Reached XP level 1. HP: 10/10 MP: 6/6
   188 | D:1      | Reached XP level 2. HP: 15/15 MP: 4/8
   471 | D:1      | Reached skill level 5 in Conjurations
   473 | D:1      | Reached XP level 3. HP: 19/19 MP: 2/10
  1511 | D:2      | Noticed Robin
  1580 | D:2      | Slain by a goblin

Vault maps used:
D:1:      matt_arrival_grand_opening, serial_glass, glass_columns_a,
          glass_columns_a, lexackson_kobold_supper
D:2:      marbit_many_paths, corner_web_ring, uniq_robin

Skill      XL: |  1  2 |
---------------+-------+-----
Conjurations   | 5 |  5.3
Dodging        | 3 |  3.2
Stealth        | |  2.4
Spellcasting   | |  3.8

Action                   || total
-------------------------++-------
Melee: Unarmed           ||     2
       Short sword       ||    25
 Cast: Magic Dart        ||    72
  Eat: Chunk             ||     2
Armor: Robe              ||     3
Dodge: Dodged            ||    15

Table legend:
 A = Spawn XP
 B = Non-spawn XP
 C = Spawn XP percentage of total XP
 D = Spawn monster count
 E = Non-spawn monster count
 F = Spawn count percentage of total count
 G = Total turns spent on level
                    A         B        C        D         E        F      G
               +---------+---------+-------+---------+---------+-------+---------
         Total |       0 |      90 |   0.0 |       0 |      46 |   0.0 |  1580
               +---------+---------+-------+---------+---------+-------+---------
           D:1 |       0 |      73 |   0.0 |       0 |      37 |   0.0 |  1407
           D:2 |       0 |      17 |   0.0 |       0 |       9 |   0.0 |   173
               +---------+---------+-------+---------+---------+-------+---------
